Map: Crête de Lerilak

Players

blitzkrieg

  • Race: Zerg Zerg
  • League: Platinum

DamDam - Winner!

  • Race: Terran Terran
  • League: Diamond

VOD

Have the link to the VOD?

Description

Time

  • Played on: Feb. 6, 2016, 2:24 p.m.
  • Length: 11:59
Show
View Real Time Build Order
Export as new Build Order

blitzkrieg Zerg 

Build Orders: Hatch First 

Get SALT Encoding   

  12  0:01  Drone  
  13  0:12  Overlord  
  13  0:19  Drone  
  14  0:30  Drone  
  14  0:31  Drone  
  17  0:35  Drone  
  17  0:56  Hatchery  
  16  1:05  Drone x2  
  18  1:21  Spawning Pool  
  17  1:26  Extractor  
  17  1:28  Drone  
  17  1:29  Drone  
  18  1:35  Drone  
  19  1:46  Overlord  
  19  1:52  Drone  
  20  2:05  Drone  
  20  2:08  Queen  
  23  2:09  Zergling x2  
  23  2:12  Drone  
  24  2:19  Drone  
  24  2:22  Drone  
  26  2:36  Overlord  
  26  2:37  Drone  
  27  2:45  Queen  
  27  2:49  Drone x2  
  31  2:55  Drone x2  
  33  3:03  Drone  
  34  3:09  Hatchery  
  33  3:19  Drone x3  
  36  3:25  Drone x3  
  36  3:26  Drone  
  40  3:33  Extractor  
  39  3:36  Drone  
  39  3:37  Evolution Chamber, Drone  
  39  3:38  Evolution Chamber  
  39  3:41  Overlord  
  39  3:45  Drone  
  39  4:04  Spore Crawler  
  39  4:06  Spore Crawler, Zerg Missile Weapons Level 1  
  39  4:07  Zerg Ground Armor Level 1  
  39  4:09  Drone x4  
  41  4:10  Drone  
  41  4:14  Spore Crawler  
  41  4:17  Spore Crawler  
  40  4:18  Lair  
  40  4:24  Roach Warren  
  39  4:25  Zergling x2  
  39  4:29  Zergling x4  
  42  4:40  Drone x2  
  42  4:41  Drone x6  
  50  4:50  Extractor  
  49  4:54  Drone x3  
  49  4:55  Drone  
  53  5:05  Roach x2  
  57  5:13  Extractor, Drone  
  57  5:14  Overlord, Drone  
  58  5:17  Glial Reconstitution  
  58  5:24  Overlord x2  
  58  5:32  Queen, Overlord  
  60  5:53  Roach x6  
  60  5:54  Roach x4  
  78  6:03  Overseer  
  78  6:16  Roach x4  
  78  6:17  Roach x2  
  86  6:36  Drone x4  
  90  6:43  Zerg Missile Weapons Level 2  
  90  6:46  Extractor  
  89  6:47  Drone  
  90  6:56  Hatchery  
  89  7:31  Overlord x2  
  89  7:41  Zergling x2  
  75  7:54  Roach x7  
  73  8:10  Roach  
  73  8:11  Roach x4  
  77  8:26  Roach x8  
  93  8:32  Drone x3  
  95  8:45  Overlord  
  95  8:46  Overseer  
  95  8:47  Overlord x2  
  87  8:55  Hatchery  
  86  9:00  Roach  
  88  9:07  Roach  
  88  9:08  Roach x5  
  84  9:11  Roach x2  
  84  9:12  Roach x3  
  84  9:14  Zergling x2  
  84  9:16  Queen  
  91  9:22  Overlord  
  82  9:26  Roach x2  
  82  9:29  Zergling x2  
  82  9:30  Zergling x4  
  83  9:36  Roach  
  69  9:40  Roach x2  
  70  9:57  Roach x5  
  76  10:15  Roach x4  
  84  10:30  Overlord x2  
  84  10:39  Roach  
  84  10:55  Roach  
  84  10:56  Roach x2  
  87  10:58  Roach  
  89  11:23  Overlord  
Show
View Real Time Build Order
Export as new Build Order

DamDam Terran - Winner!

Build Orders: Reaper Expand, MMM Bio 

Get SALT Encoding   

  12  0:03  SCV  
  13  0:15  SCV  
  13  0:19  Supply Depot  
  14  0:27  SCV  
  15  0:40  SCV  
  15  0:41  Barracks  
  16  0:45  Refinery  
  16  0:52  SCV  
  17  1:04  SCV  
  18  1:16  SCV  
  19  1:32  Orbital Command  
  19  1:35  Reaper  
  20  1:44  Command Center  
  20  1:58  SCV  
  20  2:00  Supply Depot  
  21  2:11  SCV  
  22  2:21  Marine  
  23  2:23  SCV  
  23  2:26  Refinery  
  24  2:35  SCV  
  25  2:42  Marine  
  26  2:46  Factory  
  26  2:47  SCV  
  27  2:55  Orbital Command  
  27  2:59  SCV  
  28  3:11  SCV  
  29  3:16  Marine  
  30  3:23  SCV  
  30  3:24  Barracks  
  30  3:25  SCV  
  32  3:33  Factory Reactor  
  32  3:35  SCV, Starport  
  32  3:38  Barracks Tech Lab  
  32  3:40  SCV  
  34  3:47  SCV  
  35  3:52  SCV  
  36  3:57  Reaper  
  36  3:59  SCV, Stimpack  
  38  4:05  SCV  
  38  4:09  Widow Mine x2  
  41  4:11  Medivac  
  41  4:12  SCV  
  41  4:13  Barracks Reactor  
  46  4:20  Command Center  
  46  4:22  Supply Depot  
  46  4:26  SCV x2  
  48  4:37  Refinery  
  48  4:38  SCV x2, Widow Mine x2  
  50  4:40  Refinery  
  50  4:43  Marine  
  50  4:45  Supply Depot  
  55  4:50  SCV x2, Starport Reactor  
  55  4:51  Supply Depot  
  57  5:01  Marine  
  57  5:02  SCV x2  
  60  5:08  Marine x2  
  60  5:09  Widow Mine x2  
  66  5:15  SCV x2  
  66  5:19  Marine  
  69  5:21  Supply Depot  
  69  5:22  Supply Depot  
  69  5:25  Marine  
  69  5:26  Marine  
  69  5:27  SCV x2  
  73  5:37  Marine  
  73  5:39  SCV x2  
  76  5:43  Marine  
  77  5:55  Marine, Marauder  
  77  5:56  Medivac x2, Widow Mine x2  
  84  6:01  Marine  
  87  6:04  SCV  
  87  6:05  SCV  
  89  6:11  Barracks  
  89  6:13  Marine, Barracks  
  89  6:14  Barracks  
  89  6:16  Marauder  
  91  6:19  Marine  
  91  6:24  Widow Mine  
  91  6:25  Widow Mine  
  94  6:28  Supply Depot  
  94  6:29  Supply Depot  
  94  6:30  Marine, Supply Depot  
  94  6:31  Orbital Command  
  95  6:37  Marine  
  95  6:39  SCV x2  
  98  6:41  Marine  
  98  6:46  Medivac  
  101  6:48  Marine  
  101  6:51  SCV x2  
  103  6:54  Marine  
  103  6:55  Combat Shields  
  103  6:58  SCV  
  103  6:59  Marauder  
  106  7:06  Marine  
  106  7:11  Barracks Tech Lab  
  106  7:12  Marine, Barracks Reactor  
  106  7:13  Barracks Reactor  
  107  7:16  Engineering Bay  
  107  7:19  Engineering Bay  
  107  7:21  Marauder  
  109  7:24  Marine  
  109  7:30  Marine  
  109  7:34  Marine  
  109  7:42  Marine, Widow Mine x2, Marauder  
  109  7:43  Medivac  
  117  7:48  Marine  
  117  7:50  Marine x2  
  108  7:52  Marine x2, Marauder  
  108  7:53  Medivac  
  108  7:56  SCV x3  
  111  7:59  Marine  
  111  8:04  Marauder  
  112  8:06  Marine  
  112  8:08  Marine x2, SCV x3  
  112  8:10  Widow Mine  
  118  8:13  Marine x2, Medivac  
  118  8:14  Marine  
  118  8:16  Concussive Shells  
  118  8:17  Marine  
  122  8:20  SCV x2, Terran Infantry Weapons Level 1  
  122  8:24  Marine  
  122  8:25  Marauder  
  122  8:26  Marine, Terran Infantry Armor Level 1  
  126  8:31  Marauder  
  126  8:33  Marine x3  
  126  8:34  Widow Mine  
  133  8:54  Supply Depot  
  133  8:55  Supply Depot x2  
  133  9:05  Marine x2  
  133  9:08  Marine, SCV x2  
  133  9:15  Marine x2, Widow Mine x2  
  133  9:16  Marine, SCV, Marauder x2  
  145  9:23  Marine x2  
  143  9:31  Marine  
  143  9:33  Marine x2  
  143  9:34  Marine  
  143  9:37  Marauder  
  143  9:38  Marauder  
  136  9:41  Marine x2  
  136  9:44  Widow Mine x2  
  135  9:49  Marine  
  135  9:51  Marine x2  
  135  9:52  Marine  
  137  9:59  Marine x2, Marauder x2  
  139  10:07  Marine  
  138  10:09  Marine x3  
  138  10:12  Widow Mine x2  
  139  10:17  Marine x2  
  139  10:20  Marauder  
  139  10:21  Marauder  
  139  10:24  Marine, SCV x3  
  139  10:27  Marine x3  
  146  10:34  Marine x2  
  148  10:41  Command Center, Widow Mine x2  
  148  10:42  Marine, Marauder x2  
  155  10:44  Marine  
  154  11:01  Marine x2  
  154  11:03  Marauder x2  
  159  11:05  SCV x2  
  159  11:06  SCV, Armory  
  159  11:09  Widow Mine x2  
  166  11:17  SCV x2  
  168  11:20  Marine x5  
  173  11:26  Refinery  
  173  11:27  Refinery  
  173  11:34  Marauder  
  173  11:37  Marauder  
Tags
 
Add a new tag
Caveats
  • Supply blocks, unpowered buildings, or Contaminate may cause inaccurate times.
  • Supply counts are checked every 10 seconds.